 Dungeon Crawl Stone Soup version 0.20-a0-1126-g0f15420 (webtiles) character file.

29718 Ijustatesigmund the Destroyer (level 13, -6/110 HPs)
             Began as a Green Draconian Conjurer on May 17, 2017.
             Was a High Priest of Cheibriados.
             Killed from afar by a rime drake (21 damage)
             ... with a flash freeze
             ... on level 6 of the Lair of Beasts.
             The game lasted 01:24:52 (22888 turns).

Ijustatesigmund the Destroyer (DrCj)               Turns: 22888, Time: 01:24:53

Health: -6/110     AC:  0    Str: 23    XL:     13   Next: 16%
Magic:  2/25       EV: 18    Int: 34    God:    Cheibriados [*****.]
Gold:   877        SH:  0    Dex: 25    Spells: 14/29 levels left

rFire    . . .     SeeInvis .   (weapon currently unavailable)
rCold    . . .     Gourm    .   (shield currently unavailable)
rNeg     . . .     Faith    .   (armour unavailable)
rPois    .         Spirit   .   (helmet currently unavailable)
rElec    .         Reflect  .   (cloak currently unavailable)
rCorr    .         Harm     .   (gloves currently unavailable)
MR       .....                  (boots currently unavailable)
Stlth    +++.......             j - amulet of magic regeneration
Regen    0.3/turn               (ring currently unavailable)
MPRegen  0.3/turn               (ring currently unavailable)

@: brilliant, pig-form, very slightly contaminated, slowed, very slow
A: (breathe noxious fumes), unfitting armour, blink, dopey 1, AC +8
a: Blink, Bend Time, Temporal Distortion, Slouch, Step From Time, Renounce
Religion


You were on level 6 of the Lair of Beasts.
You worshipped Cheibriados.
Cheibriados was extremely pleased with you.
You were not hungry.
You were a filthy swine.
You visited 2 branches of the dungeon, and saw 17 of its levels.
You also visited: Labyrinth.

You collected 877 gold pieces.

Inventory:

Hand Weapons
 o - a +5 flail of freezing (melded)
Missiles
 u - 7 javelins (quivered)
 y - 8 tomahawks of dispersal
Armour
 f - a +1 pair of gloves (melded)
 l - a +0 pair of boots (melded)
 m - a scarf of resistance (melded)
 z - a +0 buckler of protection (melded)
Jewellery
 j - an amulet of magic regeneration (around neck)
 k - an uncursed ring of protection from magic
 q - a ring of protection from fire (melded)
 r - an uncursed ring of protection from magic
 A - an uncursed ring of ice
 F - an uncursed ring of positive energy
 O - a +4 ring of intelligence (melded)
Wands
 t - a wand of scattershot (5/9)
 w - a wand of confusion (20/48)
 G - a wand of scattershot (1/9)
 H - a wand of lightning (0/15)
 J - a wand of iceblast (4/15)
 N - a wand of flame (26/48)
Scrolls
 d - 2 scrolls of recharging
 e - 7 scrolls of remove curse
 g - 5 scrolls of identify
 s - 2 scrolls of magic mapping
 x - 2 scrolls of immolation
 C - a scroll of torment
 D - 2 scrolls of holy word
 E - a scroll of silence
 L - 2 scrolls of amnesia
Potions
 n - 3 potions of cancellation
 v - 3 potions of flight
 B - 3 potions of brilliance
 I - a potion of lignification
Books
 M - a book of Air

   Spells                             Type                      Level
   a - Shock                          Conjuration/Air              1
   b - Swiftness                      Charms/Air                   2
   c - Static Discharge               Conjuration/Air              3
   d - Airstrike                      Air                          4
   e - Lightning Bolt                 Conjuration/Air              5
Miscellaneous
 i - a phial of floods
 P - a lamp of fire
Comestibles
 b - 9 bread rations
 p - 3 meat rations


   Skills:
 + Level 8.9 Fighting
 + Level 8.2 Maces & Flails
 + Level 3.9 Dodging
 - Level 1.7 Stealth
 - Level 5.2 Shields
 - Level 8.9 Spellcasting
 - Level 10.3 Conjurations
 - Level 2.1 Hexes
 - Level 2.5 Charms
 - Level 2.3 Necromancy
 - Level 6.0 Ice Magic
 - Level 10.0 Invocations
 - Level 4.1 Evocations


You had 14 spell levels left.
You knew the following spells:

 Your Spells              Type           Power        Failure   Level  Hunger
a - Magic Dart            Conj           ####         1%          1    None
b - Searing Ray           Conj           ######       1%          2    None
c - Dazzling Spray        Conj/Hex       ######       1%          3    None
d - Iskenderun's Mystic   Conj           #######.     1%          4    None
e - Ensorcelled Hibernat  Hex/Ice        ######       1%          2    None
f - Regeneration          Chrm/Necr      ######....   1%          3    None


Dungeon Overview and Level Annotations

Branches:
Dungeon (11/15)            Temple (0/1) D:6            Lair (6/6) D:9
 Shoals (0/4) Lair:4        Snake (0/4) Lair:4          Orc (0/2) D:10
  Slime: Lair:5-6

Altars:
Cheibriados
Elyvilon
Gozag
Nemelex Xobeh
Okawaru
Qazlal
Ru
Vehumet
Wu Jian
The Shining One

Annotations:
D:11 Fannar
Lair:6 Kirke


Innate Abilities, Weirdness & Mutations

((You can breathe blasts of noxious fumes.))
((Your lurid green scales are hard. (AC +8)))
You cannot fit into any form of body armour.
((Your system is resistant to poisons. (rPois)))
((You are cold-blooded and may be slowed by cold attacks.))
You can translocate small distances at will.
You are dopey. (Int -2)


Message History

You kill the yak!
Cheibriados appreciates the change of pace.
Cheibriados raises the support of your attributes as your movement slows.
You feel somewhat more hungry.
Cheibriados lowers the support of your attributes as your movement quickens.
The rime drake breathes ice at you. The flash freeze misses you.
The sphinx casts a spell.
Something smites you!
* * * LOW HITPOINT WARNING * * *
Okay, then.
You feel better. The yak completely misses you.
Kirke shouts, "You pig!
I'll make you look the way you deserve."
Blink to where?
Press: ? - help, Dir - move target cursor, p - Kirke You are very lightly contaminated with residual magic.
As you read the scroll of blinking, it crumbles to dust.
The rime drake breathes ice at you. The flash freeze hits you!
You die...

...## .....# ...... ########
##### ######
......###..##..####...####..##.
..............h................
...............[.................
...............%.................
.........k........#..............
.........YY@....P..............##
#..................##PPP.......#
#...§§§.†.H...#.P..##.PP.......##
.....§§§.....†#......#..........P
..?...§§l†P.....PP....#.#..... ..


You could see Kirke, a sphinx, 2 yaks and a rime drake.

Vanquished Creatures
  A minotaur (Lab)
  A hydra (Lair:5)
  2 two-headed ogres
  Nergalle (Lair:4)
  2 unseen horrors
  5 black mambas
  Maurice (D:11)
  A torpor snail (Lair:1)
  3 komodo dragons
  11 spiny frogs
  3 polar bears (Lair:5)
  3 trolls
  Prince Ribbit (D:7)
  13 blink frogs
  6 hippogriffs
  4 dream sheep (Lair:4)
  A vampire (D:10)
  4 wyverns
  5 hogs (Lair:6)
  16 yaks
  A hungry ghost (D:7)
  5 basilisks
  2 wargs (D:10)
  6 water moccasins
  11 porcupines
  An ice beast (D:9)
  2 black bears (D:9)
  3 sky beasts
  8 orc warriors
  3 ogres
  17 wolves
  4 centaurs
  8 crocodiles
  3 big kobolds
  15 bullfrogs
  A scorpion (D:9)
  5 killer bees
  3 wights (D:10)
  4 howler monkeys
  2 lava snakes (D:8)
  A bullfrog zombie (D:6)
  3 crimson imps
  A quasit (D:7)
  A centaur zombie (D:7)
  8 hounds
  2 bullfrog skeletons
  2 centaur skeletons
  4 jellies
  A gnoll shaman (D:9)
  6 orc priests
  6 orc wizards
  5 iguanas
  12 worker ants
  12 gnolls
  10 adders
  2 shadow imps
  An adder zombie (D:7)
  An ooze (D:5)
  4 worms
  4 dart slugs
  3 leopard geckos
  28 orcs
  2 ball pythons
  7 bats
  A giant cockroach (D:3)
  13 goblins
  10 hobgoblins
  9 jackals
  4 quokkas
  4 frilled lizards (D:3)
  22 kobolds
  A quokka zombie (D:5)
  25 rats
403 creatures vanquished.

Vanquished Creatures (others)
  A bullfrog (Lair:3)
  11 fungi
  7 plants (Lair:5)
19 creatures vanquished.

Grand Total: 422 creatures vanquished

Notes
Turn   | Place    | Note
-------+----------+-------------------------------------------
     0 | D:1      | Ijustatesigmund the Draconian Conjurer began the quest for the Orb.
     0 | D:1      | Reached XP level 1. HP: 14/14 MP: 3/3
   449 | D:1      | Reached skill level 1 in Fighting
   638 | D:1      | Reached XP level 2. HP: 23/23 MP: 3/5
   642 | D:1      | Learned a level 2 spell: Searing Ray
  1226 | D:2      | You fall through a shaft for 2 floors!
  1431 | D:3      | Reached XP level 3. HP: 29/29 MP: 0/7
  2040 | D:2      | Learned a level 3 spell: Dazzling Spray
  2157 | D:2      | Reached skill level 1 in Maces & Flails
  2357 | D:2      | Reached XP level 4. HP: 29/37 MP: 3/8
  2895 | D:3      | Found a sparkling altar of Nemelex Xobeh.
  2895 | D:3      | Found a radiant altar of Vehumet.
  3131 | D:3      | Found a white marble altar of Elyvilon.
  3192 | D:4      | Found a snail-covered altar of Cheibriados.
  3242 | D:4      | Reached XP level 5. HP: 42/42 MP: 1/9
  3927 | D:4      | Found a stormy altar of Qazlal.
  3970 | D:4      | Reached skill level 1 in Hexes
  3976 | D:5      | Entered Level 5 of the Dungeon
  3988 | D:5      | Learned a level 4 spell: Iskenderun's Mystic Blast
  4192 | D:5      | Reached XP level 6. HP: 42/50 MP: 2/11
  4546 | D:5      | Reached skill level 5 in Conjurations
  4717 | D:5      | You fall through a shaft for 2 floors!
  4753 | D:7      | Gained mutation: You are dopey. (Int -2) [potion of mutation]
  4753 | D:7      | Gained mutation: You can translocate small distances at will. [potion of mutation]
  4935 | D:6      | Your scales start taking on a lurid green colour.
  4935 | D:6      | Reached XP level 7. HP: 51/57 MP: 11/13
  4935 | D:6      | Gained mutation: Your system is resistant to poisons. (rPois) [Green Draconian growth]
  4963 | D:6      | Found an ornate altar of the Wu Jian Council.
  5580 | D:6      | Reached skill level 5 in Fighting
  5580 | D:6      | Reached skill level 5 in Spellcasting
  5580 | D:6      | Reached XP level 8. HP: 31/68 MP: 13/15
  5762 | D:6      | Found a staircase to the Ecumenical Temple.
  5840 | D:4      | Became a worshipper of Cheibriados the Contemplative
  6047 | D:5      | Reached skill level 1 in Invocations
  6509 | D:7      | Noticed Prince Ribbit
  6530 | D:7      | Killed Prince Ribbit
  6633 | D:7      | Reached * piety under Cheibriados
  7104 | D:7      | Found a glowing golden altar of the Shining One.
  7893 | D:7      | Noticed a two-headed ogre
  7901 | D:7      | Killed a two-headed ogre
  7901 | D:7      | Reached skill level 5 in Invocations
  7901 | D:7      | Reached XP level 9. HP: 26/74 MP: 1/19
  8270 | D:8      | Found an iron altar of Okawaru.
  8343 | D:8      | Killed an unseen horror
  8512 | D:8      | Learned a level 2 spell: Ensorcelled Hibernation
  8749 | D:8      | Found an opulent altar of Gozag.
  8822 | D:8      | Reached skill level 1 in Ice Magic
  9053 | D:9      | Reached ** piety under Cheibriados
  9137 | D:9      | Reached XP level 10. HP: 69/81 MP: 21/21
 10161 | D:9      | Found a staircase to the Lair.
 10224 | Lair:1   | Entered Level 1 of the Lair of Beasts
 10441 | D:9      | Reached *** piety under Cheibriados
 10729 | D:9      | Found a sacrificial altar of Ru.
 10739 | D:10     | Entered Level 10 of the Dungeon
 12012 | D:10     | Reached **** piety under Cheibriados
 12091 | D:10     | Reached skill level 5 in Ice Magic
 12132 | D:10     | Killed an unseen horror
 13330 | D:10     | Noticed a two-headed ogre
 13341 | D:10     | Killed a two-headed ogre
 13341 | D:10     | Reached skill level 10 in Conjurations
 13341 | D:10     | Reached XP level 11. HP: 36/86 MP: 2/23
 13715 | D:10     | Found a staircase to the Orcish Mines.
 14054 | D:11     | Noticed Maurice
 14064 | D:11     | Killed Maurice
 14066 | D:11     | Noticed Fannar
 14130 | D:11     | Found a labyrinth entrance.
 14139 | Lab      | Entered a labyrinth
 14769 | Lab      | Noticed a minotaur
 14780 | Lab      | Killed a minotaur
 14950 | Lab      | Identified the Grimoire of Evil
 14952 | Lab      | Identified a scroll of acquirement
 15019 | D:11     | Reached skill level 1 in Shields
 15092 | D:10     | Reached ***** piety under Cheibriados
 15258 | Lair:1   | Learned a level 3 spell: Regeneration
 16039 | Lair:1   | HP: 4/86 [spiny frog (12)]
 16042 | Lair:1   | Reached skill level 5 in Shields
 17495 | Lair:2   | Reached skill level 5 in Maces & Flails
 17495 | Lair:2   | Reached XP level 12. HP: 83/95 MP: 17/24
 19034 | Lair:3   | Reached skill level 10 in Invocations
 19648 | Lair:3   | Reached skill level 1 in Evocations
 20792 | Lair:4   | Found a staircase to the Snake Pit.
 20808 | Lair:4   | Noticed Nergalle
 21309 | Lair:4   | Reached skill level 1 in Charms
 21309 | Lair:4   | Reached skill level 1 in Necromancy
 21326 | Lair:4   | Killed Nergalle
 21610 | Lair:4   | Found a staircase to the Shoals.
 22277 | Lair:5   | Reached XP level 13. HP: 86/108 MP: 18/25
 22810 | Lair:6   | Entered Level 6 of the Lair of Beasts
 22862 | Lair:6   | Noticed Kirke
 22884 | Lair:6   | Noticed a sphinx
 22886 | Lair:6   | HP: 4/110 [sphinx/divine providence[Kirke] (13)]
 22888 | Lair:6   | Killed from afar by a rime drake

Vault maps used:
D:1:      scummos_arrival_gate, minmay_misc_feat_diagonals, minmay_door_square
D:2:      first_bread, minmay_rat_hole
D:3:      nicolae_overflow_hidden_temple,
          chequers_temple_overflow_statue_of_worship
D:4:      nicolae_qazlal_eye_of_the_storm, kennysheep_slug_shrine
D:6:      lemuel_crystal_altar, temple_hall, eino_small_chamber_without_monster,
          minmay_unpleasant_kobolds
D:7:      tso_oasis_becter, uniq_prince_ribbit1
D:8:      kennysheep_big_flooded_room, okawaru_trees_1,
          nicolae_overflow_crystal_walls
D:9:      nicolae_ru_path_of_blood, grunt_lair_entry_orc_guard_hut,
          serial_glass, glass_columns_a, glass_columns_a
D:10:     erik_orc_3
D:11:     lab_entry_generic, special_room, kennysheep_another_room, uniq_fannar,
          uniq_erica, uniq_maurice
Lair:1:   grunt_megastairs_4
Lair:2:   grunt_megastairs_5
Lair:4:   minmay_shoals_entry_lonely_mermaid, dummy_snake_entry, uniq_nergalle
Lair:5:   serial_bayou_pond_a, cheibrodos_lair_lostbears, serial_bayou_shore_b
Lair:6:   hangedman_lair_in_review, guppyfry_lair_end_dragon, slime_dummy,
          uniq_kirke, uniq_snorg
Lab:      labyrinth_mini_lab, nicolae_lab_lava, nicolae_lab_do_over

Skill      XL: |  1  2  3  4  5  6  7  8  9 10 11 12 13 |
---------------+----------------------------------------+-----
Fighting       | 1 2 3 5 8 |  8.9
Maces & Flails | 1 2 3 5 7 8 |  8.2
Spellcasting   | 3 4 5 6 7 8 |  8.9
Hexes          | 1 2 |  2.1
Conjurations   | 5 6 8 10 | 10.3
Invocations    | 5 6 9 10 | 10.0
Ice Magic      | 2 6 |  6.0
Dodging        | 2 3 |  3.9
Shields        | 5 |  5.2
Evocations     | 4 |  4.1
Charms         | 2 |  2.5
Necromancy     | 1 2 |  2.3
Stealth        | |  1.7

Action                   |  1- 3 |  4- 6 |  7- 9 | 10-12 | 13-15 || total
-------------------------+-------+-------+-------+-------+-------++-------
Melee: Unarmed           |     6 |       |       |       |       ||     6
       Tailslap          |     5 |     3 |    30 |   123 |    11 ||   172
       Dagger            |    10 |       |       |       |       ||    10
       Whip              |    46 |     8 |       |       |       ||    54
       Flail             |       |    33 |   207 |   515 |    36 ||   791
Throw: Javelin           |       |       |    15 |     8 |       ||    23
 Cast: Magic Dart        |    77 |    82 |    45 |   170 |     4 ||   378
       Searing Ray       |     3 |     9 |     6 |     5 |       ||    23
       Dazzling Spray    |       |       |     6 |    47 |     4 ||    57
       Iskenderun's Myst |       |       |     6 |    52 |     8 ||    66
       Ensorcelled Hiber |       |       |       |    35 |     2 ||    37
       Regeneration      |       |       |       |     3 |     2 ||     5
Invok: Slouch            |       |       |       |     5 |     2 ||     7
       Bend Time         |       |       |       |     1 |       ||     1
 Abil: Breathe Noxious F |       |       |    13 |    39 |     2 ||    54
       Blink             |       |       |     3 |    17 |     3 ||    23
Evoke: Wand              |       |       |     1 |    17 |       ||    18
  Use: Scroll            |     7 |    13 |     2 |    19 |     2 ||    43
       Potion            |       |     1 |       |     4 |     2 ||     7
 Stab: Sleeping          |     1 |     3 |     4 |    24 |     2 ||    34
       Distracted        |       |       |     1 |     3 |       ||     4
       Invisible         |       |       |     1 |     5 |     1 ||     7
       Confused          |       |       |     1 |     8 |       ||     9
  Eat: Chunk             |     5 |     9 |     9 |    16 |       ||    39
       Royal jelly       |       |       |     2 |     2 |     1 ||     5
       Bread ration      |       |       |     1 |       |       ||     1
       Fruit             |       |       |       |    11 |       ||    11
Armor: Skin              |    22 |    23 |   118 |   214 |    12 ||   389
Dodge: Dodged            |    48 |    34 |   201 |   528 |    42 ||   853
Block: Buckler           |       |       |       |   144 |    16 ||   160
